 Dungeon Sprint DCSS version 0.31-a0-662-g684573625c (webtiles) character file.

Game seed: 15935365501029765954

102050 Revguard the Demonic Aeon (level 15, -4/139 HPs)
             Began as a Demonspawn Fighter on Sept 1, 2023.
             Was the Champion of Cheibriados.
             Slain by Nuimolaq the pandemonium lord (5 damage)
             ... in the Dungeon (Sprint V: "Ziggurat Sprint").
             The game lasted 00:19:22 (1446 turns).

Revguard the Demonic Aeon (Demonspawn Fighter)      Turns: 1446, Time: 00:19:23

Health: -4/139     AC: 42    Str: 48    XL:     15   Next: 85%
Magic:  24/42      EV: 12    Int: 25    God:    Cheibriados [******]
Gold:   0          SH:  0    Dex: 39    Spells: 14/14 levels left

rFire   + + .        D - +16 obsidian axe {drain, demonic, Mesm Drain Fly SInv}
rCold   x . .        C - +18 shield of the Gong {Loud rN+ Will+ rCorr EV-5}
rNeg    + . .        B - +15 Maxwell's patent armour {-Cast -Tele rElec Will+ rCorr}
rPois   .            T - +0 helmet "Qimpuoph" {Dex+2 Slay+3}
rElec   +            L - -1 cloak "Huofas" {Fly rElec MP+9 Str+5}
rCorr   +            P - +1 pair of gloves {Dex+3}
SInv    +            (no boots)
Will    +++..        I - amulet "Hero's Friend" {rF+ rC- Regen+ Slay+2} Stlth
                     y - +6 ring of strength
HPRegen 1.23/turn    E - ring "Niutey" {Fly rF+ Str+3 Dex+4}
MPRegen 0.56/turn

%: no teleportation, no spellcasting
@: flying, mesmerised, held, studying 2 skills, very slow
A: hooves 1, large bone plates 3, icemail 1, magic regeneration, condensation
shield, high MP 1, weak 1, inability to drink after injury 1
a: Renounce Religion, Bend Time, Temporal Distortion, Slouch, Step From Time


You were in the Dungeon.
You worshipped Cheibriados.
Cheibriados was exalted by your worship.
You visited 1 branch

Inventory:

Hand Weapons
 D - the +16 obsidian axe (weapon) {drain, demonic, Mesm Drain Fly SInv}
   (You found it in the Dungeon)

   Mesm:      Its wielder is mesmerised by any visible foes, and it cannot be
   unequipped while any foes are visible.
   SInv:      It lets you see invisible.
   Fly:       It grants you flight.
   Drain:     It drains your maximum health when unequipped.
 S - the +5 Lochaber axe {reach-cleave, Poleaxe Drain}
   (You found it in the Dungeon)

   Poleaxe:   It uses either Axes or Polearms skill, whichever is higher.
   Drain:     It drains your maximum health when unequipped.
Armour
 w - the +1 robe of Vines {NoPotionHeal Regen++++}
   (You found it in the Dungeon)

   NoPotionHeal: Its wearer cannot be healed by potions.
   Regen++++: It increases your rate of health regeneration.
 B - the +15 Maxwell's patent armour (worn) {-Cast -Tele rElec Will+ rCorr}
   (You found it in the Dungeon)

   rElec:     It insulates you from electricity.
   Will+:     It increases your willpower.
   -Cast:     It prevents spellcasting.
   -Tele:     It prevents most forms of teleportation.
   rCorr:     It protects you from acid and corrosion.
 C - the +18 shield of the Gong (worn) {Loud rN+ Will+ rCorr EV-5}
   (You found it in the Dungeon)

   Loud:      It is deafeningly noisy when blocking attacks.
   EV-5:      It affects your evasion (-5).
   rN+:       It protects you from negative energy.
   Will+:     It increases your willpower.
   rCorr:     It protects you from acid and corrosion.
 L - the -1 cloak "Huofas" (worn) {Fly rElec MP+9 Str+5}
   (You found it in the Dungeon)

   Str+5:     It affects your strength (+5).
   rElec:     It insulates you from electricity.
   MP+9:      It affects your magic capacity (+9).
   Fly:       It grants you flight.
 P - a +1 pair of gloves of dexterity (worn)
 T - the +0 helmet "Qimpuoph" (worn) {Dex+2 Slay+3}
   (You found it in the Dungeon)

   Dex+2:     It affects your dexterity (+2).
   Slay+3:    It affects your accuracy & damage with ranged weapons and melee
   (+3).
Jewellery
 c - a ring of protection from cold
 t - the amulet of Finis {Reflect rCorr SH+5}
   (You found it in the Dungeon)

   [amulet of reflection]

   Reflect:   It reflects blocked missile attacks.
   rCorr:     It protects you from acid and corrosion.
   SH+5:      It affects your SH (+5).
 u - a +6 ring of intelligence
 x - the ring of Siuk {rCorr Int+8}
   (You found it in the Dungeon)

   [ring of resist corrosion]

   Int+8:     It affects your intelligence (+8).
   rCorr:     It protects you from acid and corrosion.
 y - a +6 ring of strength (left hand)
 E - the ring "Niutey" (right hand) {Fly rF+ Str+3 Dex+4}
   (You found it in the Dungeon)

   [ring of flight]

   Str+3:     It affects your strength (+3).
   Dex+4:     It affects your dexterity (+4).
   rF+:       It protects you from fire.
   Fly:       It grants you flight.
 F - an amulet of faith
 G - a ring of positive energy
 I - the amulet "Hero's Friend" (around neck) {rF+ rC- Regen+ Slay+2}
   (You found it in the Dungeon)

   [amulet of regeneration]

   Slay+2:    It affects your accuracy & damage with ranged weapons and melee
   (+2).
   rF+:       It protects you from fire.
   rC-:       It makes you vulnerable to cold.
   Regen+:    It increases your rate of health regeneration.
 N - the amulet of the Four Winds {rN+ Will+++ Clar}
   (You found it in the Dungeon)

   [amulet of nothing]

   rN+:       It protects you from negative energy.
   Will+++:   It greatly increases your willpower.
   Clar:      It protects you from confusion, rage, mesmerisation and fear.
 O - a +6 ring of intelligence
 Q - a +4 ring of slaying
 X - the amulet of Vitality {RegenMP++ Regen++}
   (You found it in the Dungeon)

   [amulet of magic regeneration]

   RegenMP:   It increases your rate of magic regeneration.
   Regen++:   It increases your rate of health regeneration.
Wands
 a - a wand of polymorph (20)
 v - a wand of digging (2)
 z - a wand of mindburst (26)
 A - a wand of acid (9)
 J - a wand of flame (86)
 K - a wand of roots (20)
 M - a wand of charming (13)
Scrolls
 b - 4 scrolls of brand weapon
 j - 4 scrolls of blinking
 o - 4 scrolls of amnesia
 p - 7 scrolls of fog
 q - 5 scrolls of identify
 r - 2 scrolls of fear
 H - 4 scrolls of enchant weapon
Potions
 d - 6 potions of might
 e - 10 potions of curing
 f - 11 potions of heal wounds
 g - 10 potions of haste
 h - 6 potions of magic
 i - 3 potions of berserk rage
 k - 2 potions of brilliance
 l - 2 potions of invisibility
 m - 4 potions of resistance
Miscellaneous
 n - a condenser vane
 s - a box of beasts


   Skills:
 + Level 19.5 Fighting
 + Level 17.9 Axes
 + Level 17.4 Armour
 + Level 19.2 Dodging
 + Level 17.4 Shields
 + Level 23.5 Invocations
 + Level 18.7 Evocations


You had 14 spell levels left.
You didn't know any spells.
Your spell library contained the following spells:

 Spells                   Type           Power      Damage    Failure   Level
 Apportation              Tloc           0%         N/A       41%         1
 Freeze                   Ice            0%         1d3       41%         1
 Kiss of Death            Conj/Necr      0%         2d5       41%         1
 Magic Dart               Conj           0%         1d3       41%         1
 Necrotise                Necr           0%         1d4       41%         1
 Shock                    Conj/Air       0%         1d3       41%         1
 Sting                    Tmut/Pois      0%         1d3       41%         1
 Summon Small Mammal      Summ           0%         N/A       41%         1
 Cigotuvi's Dreadful Rot  Necr/Pois/Air  0%         N/A       54%         2
 Ensorcelled Hibernation  Hex/Ice        0%         N/A       54%         2
 Searing Ray              Conj           0%         2d4       54%         2
 Sublimation of Blood     Necr           0%         N/A       54%         2
 Confusing Touch          Hex            0%         N/A       78%         3
 Frozen Ramparts          Ice            0%         1d1       78%         3
 Gell's Gravitas          Tloc           0%         N/A       78%         3
 Hailstorm                Conj/Ice       0%         3d3       78%         3
 Ignite Poison            Fire/Tmut/Pois 0%         N/A       78%         3
 Inner Flame              Hex/Fire       0%         N/A       78%         3
 Mephitic Cloud           Conj/Pois/Air  0%         N/A       78%         3
 Ozocubu's Armour         Ice            0%         N/A       78%         3
 Portal Projectile        Hex/Tloc       0%         N/A       78%         3
 Stone Arrow              Conj/Erth      0%         3d7       78%         3
 Summon Guardian Golem    Hex/Summ       0%         N/A       78%         3
 Swiftness                Air            0%         N/A       78%         3
 Teleport Other           Tloc           0%         N/A       78%         3
 Tukima's Dance           Hex            0%         N/A       78%         3
 Volatile Blastmotes      Fire/Tloc      0%         2d10      78%         3
 Airstrike                Air            0%         2d(0-16)  99%         4
 Anguish                  Hex/Necr       0%         N/A       99%         4
 Animate Dead             Necr           0%         N/A       99%         4
 Cause Fear               Hex            0%         N/A       99%         4
 Dispel Undead            Necr           0%         3d6       99%         4
 Flame Wave               Conj/Fire      0%         2d4       99%         4
 Fulminant Prism          Conj/Hex       0%         3d5       99%         4
 Iskenderun's Mystic Bla  Conj/Tloc      0%         2d3       99%         4
 Leda's Liquefaction      Hex/Erth       0%         N/A       99%         4
 Manifold Assault         Tloc           0%         N/A       99%         4
 Petrify                  Tmut/Erth      0%         N/A       99%         4
 Sticky Flame             Conj/Fire      0%         2d3       99%         4
 Summon Ice Beast         Ice/Summ       0%         N/A       99%         4
 Vhi's Electric Charge    Tloc/Air       0%         N/A       99%         4
 Borgnjor's Vile Clutch   Necr/Erth      0%         N/A       100%        5
 Fireball                 Conj/Fire      0%         3d3       100%        5
 Freezing Cloud           Conj/Ice/Air   0%         6-21      100%        5
 Irradiate                Conj/Tmut      0%         3d11      100%        5
 Metabolic Englaciation   Hex/Ice        0%         N/A       100%        5
 Summon Forest            Summ/Tloc      0%         N/A       100%        5
 Summon Mana Viper        Hex/Summ       0%         N/A       100%        5
 Yara's Violent Unravell  Hex/Tmut       0%         3d3       100%        5
 Conjure Ball Lightning   Conj/Air       0%         3x3d6     100%        6
 Dispersal                Tloc           0%         N/A       100%        6
 Eringya's Noxious Bog    Tmut/Pois      0%         4d6       100%        6
 Plasma Beam              Fire/Air       0%         2x1d10    100%        6
 Simulacrum               Ice/Necr       0%         N/A       100%        6
 Starburst                Conj/Fire      0%         6d3       100%        6
 Summon Cactus Giant      Summ           0%         N/A       100%        6
 Enfeeble                 Hex            0%         N/A       100%        7
 Haunt                    Necr/Summ      0%         N/A       100%        7
 Monstrous Menagerie      Summ           0%         N/A       100%        7
 Ozocubu's Refrigeration  Ice            0%         4d7       100%        7
 Discord                  Hex            0%         N/A       100%        8
 Disjunction              Tloc           0%         N/A       100%        8
 Infestation              Necr           0%         N/A       100%        8
 Death's Door             Necr           0%         N/A       100%        9
 Dragon's Call            Summ           0%         N/A       100%        9
 Polar Vortex             Ice            0%         N/A       100%        9


Dungeon Overview and Level Annotations

Branches:
Dungeon (1/1)

Altars:
Ashenzari
Cheibriados
Dithmenos
Fedhas
Gozag
Hepliaklqana
Kikubaaqudgha
Makhleb
Nemelex Xobeh
Okawaru
Qazlal
Ru
Sif Muna
Trog
Uskayaw
Vehumet
Wu Jian
Xom
Yredelemnul
Jiyva
Lugonu


Innate Abilities, Weirdness & Mutations

You have large cloven feet.
You are completely covered in large bone plates. (SH +8)
A meltable icy envelope protects you from harm. (AC +4)
You regenerate magic rapidly.
A meltable shield of frost defends you. (SH +4)
You have an increased reservoir of magic. (+10% MP)
You are weak. (Str -2)
You occasionally lose the ability to drink potions when taking damage.


Message History

Cheibriados appreciates the change of pace.
You kill Xaowkac!
Cheibriados thoroughly appreciates the change of pace.
You kill Zaewiff!
Cheibriados thoroughly appreciates the change of pace.
You kill the lorocyproca!
Cheibriados appreciates the change of pace.
You kill the demonspawn warmonger!
Cheibriados thoroughly appreciates the change of pace.
Wigeq hits you! Space warps around you. Nuimolaq hits you.
You are even more entangled.
Mefrych is engulfed in freezing vapours.
Orhydgh gestures.
Orhydgh blinks!
Wigeq barely misses you. Rodeusehu gestures at you. The iron shot hits you!!
Nuimolaq hits you!!
* * * LOW HITPOINT WARNING * * *
Suguhax closely misses you. Neshoum hits you but does no damage.
Poohoh comes into view.
Activating: Slouch (0% risk of failure)
Press: ? - help, Dir - look around, f - activate You can feel time thicken for a moment.
You kill Rodeusehu!
Cheibriados thoroughly appreciates the change of pace.
You kill Yhecolep!
Cheibriados thoroughly appreciates the change of pace.
Visions of slaying Neshoum flood into your mind.
Wigeq hits you but does no damage. Space warps around you.
* * * LOW HITPOINT WARNING * * *
Mefrych is engulfed in freezing vapours.
Nuimolaq hits you but does no damage. Suguhax punches you but does no damage.
Neshoum gestures.
Neshoum flickers and vanishes for a moment.
Wigeq hits you!!
* * * LOW HITPOINT WARNING * * *
Space warps horribly around you!
* * * LOW HITPOINT WARNING * * *
Orhydgh gestures.
Nuimolaq hits you.
You die...

▓......8
§.§§§§§§§§§§§§.
▓..|..[)
§§§§§§§§&§.§§§.
▓..).)::
§§.§§§&1§§§§§§.
▓.......
§§§.§.§&§§§§...
▓.......
....§&.&&......
▓.......
....§§2&X.X....
▓.......
........&X.....
▓.......
.......@&&.....
▓.......
......&&&..X...
▓.......
..▓.....X...▓..
▓...▓...
▓▓.......▓▓
▓..▓.▓..
..▓.........▓..
▓...▓...
...............
▓.......
.......©.......
.......
▓▓▓▓▓▓▓▓▓▓▓▓▓▓▓
▓▓▓▓▓▓▓▓
▓......8


You could see Esydaig, Hinaw, Howedgh, Mefrych (invisible), Neshoum
(mesmerising, invisible), Nufoc, Nuimolaq, Orhydgh (corroded), Poohoh,
Rysyipnoke, Suguhax, Viraipp, Wigeq, a Hell Sentinel, 2 tentacled monstrosities,
a green death (summoned) and 3 large abominations.

Vanquished Creatures
  6 pandemonium lords (D)
  Saint Roka (D)
  Nikola (D)
  A Brimstone Fiend (D)
  Rupert (D)
  An Orb Guardian (D)
  A deep elf master archer (D)
  Gastronok (D)
  Polyphemus (D)
  An Executioner (D)
  Frances (D)
  Agnes (D)
  Kirke (D)
  Donald (D)
  Roxanne (D)
  2 rockslimes (D)
  A deep elf sorcerer (D)
  An azure jelly (D)
  3 fire giants (D)
  A demonspawn warmonger (D)
  2 ghost moths (D)
  A balrug (D)
  A demonspawn corrupter (D)
  A broodmother (D)
  A quicksilver ooze (D)
  5 spriggan defenders (D)
  A formless jellyfish (D)
  2 green draconians (D)
  2 black draconians (D)
  A lorocyproca (D)
  3 white draconians (D)
  A spark wasp (D)
  3 purple draconians (D)
  Azrael (D)
  3 red draconians (D)
  Snorg (D)
  A green death (D)
  A yellow draconian (D)
  Josephine (D)
  3 merfolk impalers (D)
  3 merfolk javelineers (D)
  3 deep elf high priests (D)
  2 salamander tyrants (D)
  An entropy weaver (D)
  Harold (D)
  Erolcha (D)
  4 spriggan air magi (D)
  Erica (D)
  2 jorogumos (D)
  A radroach (D)
  4 dancing weapons (D)
  2 hell hogs (D)
  Urug (D)
  2 demonic crawlers (D)
  5 spriggan berserkers (D)
  A soul eater (D)
  Nergalle (D)
  Sonja (D)
  A deep elf knight (D)
  A fire crab (D)
  A pharaoh ant (D)
  A sea snake (D)
  2 spriggan druids (D)
  A steelbarb worm (D)
  A glowing orange brain (D)
  Pikel (D)
  2 deep elf archers (D)
  2 deep elf zephyrmancers (D)
  A deep elf pyromancer (D)
  A manticore (D)
  3 shining eyes (D)
  4 wolf spiders (D)
  A faun (D)
  A moth of wrath (D)
  Maurice (D)
  4 toenail golems (D)
  Joseph (D)
  3 torpor snails (D)
  An eye of devastation (D)
  4 cane toads (D)
  A hellion (D)
  A rime drake (D)
  Psyche (D)
  A cane toad (shapeshifter) (D)
  2 komodo dragons (D)
  2 tormentors (D)
  5 merfolk (D)
  A hellwing (D)
  2 meliai (D)
  Grinder (D)
  A hornet (D)
  2 dream sheep (D)
  Prince Ribbit (D)
  3 slime creatures (D)
  An air elemental (D)
  A culicivora (D)
  A jumping spider (D)
  2 yaks (D)
  Sigmund (D)
  2 fire elementals (D)
  3 humans (D)
  A basilisk (D)
  A golden eye (D)
  Grum (D)
  Eustachio (D)
  A redback (D)
  Menkaure (D)
  Edmund (D)
  5 floating eyes (D)
  Duvessa (D)
  3 water moccasins (D)
  Pargi (D)
  A wolf (D)
  Blork the orc (D)
  Dowan (D)
  Crazy Yiuf (D)
  2 orc priests (D)
  5 jellies (D)
  Jessica (D)
  Ijyb (D)
  Terence (D)
  4 endoplasms (D)
207 creatures vanquished.

Vanquished Creatures (collateral kills)
  Aizul (D)
  A glowing orange brain (D)
  An ugly thing (D)
  A toenail golem (D)
  An eye of devastation (D)
  2 cane toads (D)
  A torpor snail (D)
  A rime drake (D)
  2 merfolk (D)
  A polar bear (shapeshifter) (D)
  A jumping spider (shapeshifter) (D)
  A basilisk (D)
  A golden eye (D)
  A hog (shapeshifter) (D)
  A human (shapeshifter) (D)
  2 neqoxecs (D)
  A water moccasin (D)
  A jelly (D)
  2 endoplasms (D)
23 creatures vanquished.

Vanquished Creatures (others)
  A hell beast (D)
  An endoplasm (D)
2 creatures vanquished.

Grand Total: 232 creatures vanquished

Notes
Turn   | Place    | Note
-------+----------+-------------------------------------------
     0 | D        | Revguard the Demonspawn Fighter began the quest for the
                  | Orb.
     0 | D        | Reached XP level 1. HP: 18/18 MP: 1/1
     0 | D        | Found a shimmering blue altar of Sif Muna.
     0 | D        | Found a sacrificial altar of Ru.
     0 | D        | Found a bloodstained altar of Trog.
     0 | D        | Found a stormy altar of Qazlal.
     0 | D        | Found an iron altar of Okawaru.
     0 | D        | Found a sparkling altar of Nemelex Xobeh.
     0 | D        | Found a blossoming altar of Fedhas.
     0 | D        | Found the +6 Majin-Bo {spellvamp, MP+6 Int+6}
     0 | D        | Found the +27 heavy crossbow "Sniper" {heavy, Acc+∞ SInv}
     0 | D        | Found the +10 dark maul {heavy}
     0 | D        | Found the +15 Maxwell's patent armour {-Cast -Tele rElec
                  | Will+ rCorr}
     0 | D        | Found the +18 shield of the Gong {Loud rN+ Will+ rCorr
                  | EV-5}
     0 | D        | Found the +16 obsidian axe {drain, demonic, Mesm Drain Fly
                  | SInv}
     0 | D        | Found the +7 great mace "Firestarter" {flame, immolate,
                  | rFlCloud rF++}
     0 | D        | Found the +6 shillelagh "Devastator" {shatter}
     0 | D        | Found the +11 plutonium sword {Contam Stlth-}
     0 | D        | Found the +8 lance "Wyrmbane" {slay drac, rPois rF+ rC+
                  | AC+3}
     0 | D        | Found the +9 sword of Zonguldrok {reap}
     0 | D        | Found the +13 scythe of Curses {drain, curses, Drain}
     0 | D        | Found the +9 sword of Power {lifebolt}
     0 | D        | Found the +7 mace of Variability {chaos, chaos arc}
     0 | D        | Found the +11 Singing Sword {sonic wave}
     0 | D        | Found the +8 storm bow {elec, penet}
     2 | D        | Found a transporter.
     2 | D        | Found an ancient bone altar of Kikubaaqudgha.
     2 | D        | Found a viscous altar of Jiyva.
     2 | D        | Found a corrupted altar of Lugonu.
     2 | D        | Found a hazy altar of Hepliaklqana.
     2 | D        | Found a burning altar of Makhleb.
     2 | D        | Found an opulent altar of Gozag.
    66 | D        | Became a worshipper of Cheibriados the Contemplative
    70 | D        | Reached skill level 3 in Invocations
    70 | D        | Gained mutation: You regenerate magic rapidly. [demonic
                  | ancestry]
    70 | D        | Reached XP level 2. HP: 25/25 MP: 1/4
    88 | D        | Entered arena 2.
    88 | D        | Found a transporter.
    92 | D        | Reached XP level 3. HP: 31/31 MP: 5/5
    93 | D        | Reached skill level 4 in Invocations
    99 | D        | Entered arena 3.
    99 | D        | Noticed a floating eye
    99 | D        | Found a transporter.
   102 | D        | Reached * piety under Cheibriados
   102 | D        | Paralysed by a floating eye for 4 turns
   103 | D        | Reached skill level 5 in Fighting
   103 | D        | Reached skill level 5 in Invocations
   103 | D        | Reached XP level 4. HP: 39/39 MP: 7/7
   106 | D        | Killed a floating eye
   107 | D        | Reached skill level 5 in Armour
   107 | D        | Reached skill level 5 in Shields
   107 | D        | Reached XP level 5. HP: 46/46 MP: 7/9
   112 | D        | Got the ring "Niutey" {Fly rF+ Str+3 Dex+4}
   116 | D        | Entered arena 4.
   116 | D        | Noticed a deep elf zephyrmancer
   116 | D        | Noticed a deep elf archer
   116 | D        | Noticed a deep elf pyromancer
   116 | D        | Noticed a deep elf archer
   116 | D        | Found a transporter.
   118 | D        | Killed a deep elf zephyrmancer
   118 | D        | Reached ** piety under Cheibriados
   119 | D        | Reached skill level 5 in Dodging
   119 | D        | Reached skill level 7 in Invocations
   119 | D        | Reached skill level 5 in Evocations
   119 | D        | Gained mutation: A meltable shield of frost defends you.
                  | (SH +4) [demonic ancestry]
   119 | D        | Reached XP level 6. HP: 55/55 MP: 9/11
   119 | D        | Gained mutation: You are partially covered in large bone
                  | plates. (SH +4) [demonic ancestry]
   119 | D        | Reached XP level 7. HP: 60/60 MP: 9/12
   124 | D        | Noticed a fire elemental
   124 | D        | Noticed a fire elemental
   124 | D        | Killed a deep elf archer
   124 | D        | Reached *** piety under Cheibriados
   124 | D        | Killed a deep elf pyromancer
   125 | D        | Reached skill level 9 in Invocations
   125 | D        | Reached XP level 8. HP: 47/68 MP: 11/15
   129 | D        | Killed a deep elf archer
   130 | D        | Reached skill level 10 in Invocations
   130 | D        | Gained mutation: A meltable icy envelope protects you from
                  | harm. (AC +4) [demonic ancestry]
   130 | D        | Reached XP level 9. HP: 55/75 MP: 13/16
   191 | D        | Entered arena 5.
   191 | D        | Noticed a merfolk
   191 | D        | Noticed a merfolk
   191 | D        | Noticed a merfolk
   191 | D        | Noticed a merfolk
   191 | D        | Found a transporter.
   199 | D        | Killed a merfolk
   199 | D        | Reached **** piety under Cheibriados
   200 | D        | Killed a merfolk
   202 | D        | Killed a merfolk
   204 | D        | Killed a merfolk
   204 | D        | Reached ***** piety under Cheibriados
   292 | D        | Entered arena 6.
   292 | D        | Found the +8 Wrath of Trog {antimagic, *Rage Rampage}
   292 | D        | Noticed a toenail golem
   292 | D        | Noticed a toenail golem
   292 | D        | Noticed a toenail golem
   292 | D        | Noticed a toenail golem
   292 | D        | Noticed a toenail golem
   292 | D        | Found a transporter.
   295 | D        | Killed a toenail golem
   296 | D        | Reached skill level 11 in Invocations
   298 | D        | Killed a toenail golem
   299 | D        | Killed a toenail golem
   302 | D        | Killed a toenail golem
   303 | D        | Reached XP level 10. HP: 85/85 MP: 18/18
   303 | D        | Killed a toenail golem
   304 | D        | Reached skill level 10 in Fighting
   315 | D        | Entered arena 7.
   315 | D        | Noticed an eye of devastation
   315 | D        | Noticed a shining eye
   315 | D        | Noticed a shining eye
   316 | D        | Found a transporter.
   318 | D        | Gained mutation: You have an increased reservoir of magic.
                  | (+10% MP) [a shining eye]
   319 | D        | Gained mutation: You occasionally lose the ability to drink
                  | potions when taking damage. [a shining eye]
   320 | D        | Killed a shining eye
   320 | D        | Reached ****** piety under Cheibriados
   321 | D        | Reached skill level 12 in Invocations
   321 | D        | Killed a shining eye
   321 | D        | Killed an eye of devastation
   326 | D        | Got the amulet "Hero's Friend" {rF+ rC- Regen+ Slay+2}
   385 | D        | Entered arena 8.
   385 | D        | Noticed an eye of devastation
   386 | D        | Found a transporter.
   387 | D        | Paralysed by a floating eye for 3 turns
   392 | D        | Killed an eye of devastation
   418 | D        | Entered arena 9.
   418 | D        | Found the +1 robe of Vines {NoPotionHeal Regen++++}
   419 | D        | Found a transporter.
   420 | D        | Paralysed by a floating eye for 4 turns
   454 | D        | Entered arena 10.
   454 | D        | Noticed a cane toad
   454 | D        | Noticed a red ugly thing
   456 | D        | Reached skill level 10 in Evocations
   456 | D        | Found a transporter.
   457 | D        | Killed a red ugly thing
   458 | D        | Reached skill level 13 in Invocations
   458 | D        | Killed a cane toad
   460 | D        | Reached skill level 10 in Axes
   460 | D        | Gained mutation: You have large cloven feet. [demonic
                  | ancestry]
   460 | D        | Reached XP level 11. HP: 86/93 MP: 22/22
   474 | D        | Got the Writings on Spatial Immolation
   482 | D        | Entered arena 11.
   482 | D        | Noticed Jessica
   482 | D        | Noticed Crazy Yiuf
   482 | D        | Noticed Duvessa
   482 | D        | Noticed Edmund
   482 | D        | Noticed Josephine
   482 | D        | Noticed Menkaure
   483 | D        | Found a transporter.
   484 | D        | Killed Jessica
   485 | D        | Killed Duvessa
   485 | D        | Killed Crazy Yiuf
   486 | D        | Reached skill level 10 in Armour
   486 | D        | Reached skill level 10 in Shields
   487 | D        | Killed Menkaure
   487 | D        | Killed Edmund
   488 | D        | Killed Josephine
   500 | D        | Got the -1 cloak "Huofas" {Fly rElec MP+9 Str+5}
   513 | D        | Entered arena 12.
   518 | D        | Reached skill level 10 in Dodging
   518 | D        | Reached skill level 14 in Invocations
   521 | D        | Found a transporter.
   541 | D        | Entered arena 13.
   541 | D        | Found the amulet of the Four Winds {rN+ Will+++ Clar}
   541 | D        | Noticed a hell hog
   541 | D        | Noticed a salamander tyrant
   541 | D        | Noticed a hell hog
   541 | D        | Noticed a Brimstone Fiend
   541 | D        | Noticed a fire giant
   541 | D        | Noticed a balrug
   542 | D        | Noticed a fire giant
   542 | D        | Noticed a fire giant
   542 | D        | Noticed a salamander tyrant
   546 | D        | Killed a hell hog
   546 | D        | Killed a hell hog
   546 | D        | Killed a fire giant
   548 | D        | Killed a balrug
   548 | D        | Killed a salamander tyrant
   548 | D        | Killed a fire giant
   548 | D        | Killed a salamander tyrant
   549 | D        | Reached skill level 15 in Invocations
   549 | D        | Reached XP level 12. HP: 20/103 MP: 20/25
   550 | D        | Killed a Brimstone Fiend
   550 | D        | Killed a fire giant
   551 | D        | Found a transporter.
   559 | D        | Got the ring "Ribiaveh" {+Blink rElec rF+ Int+3 Slay-4}
   606 | D        | Entered arena 14.
   607 | D        | Noticed an azure jelly
   607 | D        | Noticed a rockslime
   607 | D        | Noticed a rockslime
   608 | D        | Noticed a quicksilver ooze
   608 | D        | Found the +5 Lochaber axe {reach-cleave, Poleaxe Drain}
   608 | D        | Gained mutation: You are weak. (Str -2) [a shining eye]
   611 | D        | Killed a rockslime
   611 | D        | Killed a quicksilver ooze
   612 | D        | Reached skill level 16 in Invocations
   612 | D        | Killed a rockslime
   613 | D        | Killed an azure jelly
   619 | D        | Found a transporter.
   627 | D        | Got the ring of Pizexkeo {Wiz Int+3}
   642 | D        | Entered arena 15.
   643 | D        | Noticed a merfolk javelineer
   643 | D        | Noticed a merfolk impaler
   643 | D        | Noticed a merfolk impaler
   643 | D        | Noticed a merfolk impaler
   643 | D        | Noticed a merfolk javelineer
   644 | D        | Noticed a merfolk javelineer
   644 | D        | Noticed a formless jellyfish
   647 | D        | Killed a merfolk javelineer
   648 | D        | Killed a merfolk javelineer
   648 | D        | Killed a merfolk impaler
   648 | D        | Killed a merfolk impaler
   648 | D        | Killed a merfolk javelineer
   649 | D        | Reached skill level 17 in Invocations
   649 | D        | Gained mutation: You are mostly covered in large bone
                  | plates. (SH +6) [demonic ancestry]
   649 | D        | Reached XP level 13. HP: 73/113 MP: 21/28
   650 | D        | Killed a merfolk impaler
   652 | D        | Killed a formless jellyfish
   657 | D        | Found a transporter.
   668 | D        | Got Lehudib's Tome of Stony Conjuring
   672 | D        | Got the Atlas of Grisly Chilblains
   676 | D        | Got the +0 helmet "Qimpuoph" {Dex+2 Slay+3}
   690 | D        | Entered arena 16.
   691 | D        | Noticed a deep elf sorcerer
   691 | D        | Found the amulet of Vitality {RegenMP++ Regen++}
   691 | D        | Noticed a deep elf master archer
   693 | D        | Paralysed by an air elemental for 1 turns
   695 | D        | Killed a deep elf sorcerer
   696 | D        | Reached skill level 15 in Fighting
   696 | D        | Reached skill level 18 in Invocations
   696 | D        | Killed a deep elf master archer
   702 | D        | Found a transporter.
   713 | D        | Got Ykieteov's Book of the Crushed Wonders
   723 | D        | Got Gueto's Papyrus of Glamour
   741 | D        | Entered arena 17.
   744 | D        | Noticed a white draconian
   744 | D        | Noticed a black draconian
   744 | D        | Noticed a yellow draconian
   744 | D        | Noticed a purple draconian
   744 | D        | Noticed a green draconian
   744 | D        | Noticed a black draconian
   744 | D        | Noticed a red draconian
   744 | D        | Noticed a red draconian
   744 | D        | Noticed a purple draconian
   744 | D        | Noticed an Orb Guardian
   744 | D        | Identified the ring "Yhoj Ale" {rC+ Dex+4}
   744 | D        | Noticed a green draconian
   744 | D        | Identified the ring "Zefeuz" {rElec rN+ Int+3}
   744 | D        | Noticed a white draconian
   744 | D        | Noticed a purple draconian
   745 | D        | Noticed a red draconian
   745 | D        | Noticed a white draconian
   749 | D        | Killed an Orb Guardian
   750 | D        | Killed a yellow draconian
   750 | D        | Killed a black draconian
   750 | D        | Killed a white draconian
   750 | D        | Killed a white draconian
   750 | D        | Killed a purple draconian
   750 | D        | Killed a purple draconian
   752 | D        | Killed a red draconian
   752 | D        | Killed a white draconian
   752 | D        | Killed a green draconian
   753 | D        | Reached skill level 19 in Invocations
   753 | D        | Reached skill level 15 in Evocations
   753 | D        | Killed a green draconian
   753 | D        | Killed a black draconian
   754 | D        | Gained mutation: You are completely covered in large bone
                  | plates. (SH +8) [demonic ancestry]
   754 | D        | Reached XP level 14. HP: 11/124 MP: 16/30
   756 | D        | HP: 5/125 [poisoned by a green draconian (poison gas)]
   759 | D        | HP: 2/125 [poisoned by a green draconian (poison gas)]
   764 | D        | HP: 3/125 [poisoned by a green draconian (poison gas)]
   770 | D        | HP: 6/125 [poisoned by a green draconian (poison gas)]
   970 | D        | Found a transporter.
   992 | D        | Entered arena 18.
   995 | D        | Noticed Erica
   995 | D        | Noticed Grinder
   995 | D        | Noticed Harold
   995 | D        | Noticed Nikola
   995 | D        | Noticed Polyphemus
   995 | D        | Noticed Roxanne
   995 | D        | Noticed Frances
   995 | D        | Noticed Urug
   995 | D        | Noticed Ijyb
   998 | D        | Killed Ijyb
  1000 | D        | Killed Erica
  1000 | D        | Killed Grinder
  1002 | D        | Killed Nikola
  1005 | D        | Killed Harold
  1006 | D        | Killed Polyphemus
  1007 | D        | Reached skill level 15 in Axes
  1008 | D        | Found a transporter.
  1009 | D        | Killed Frances
  1013 | D        | Killed Urug
  1026 | D        | Killed Roxanne
  1027 | D        | Reached skill level 15 in Dodging
  1027 | D        | Reached skill level 20 in Invocations
  1042 | D        | Got the amulet of Finis {Reflect rCorr SH+5}
  1051 | D        | Entered arena 19.
  1054 | D        | Noticed Kirke
  1054 | D        | Noticed Prince Ribbit
  1054 | D        | Noticed Sonja
  1055 | D        | Noticed Sigmund
  1056 | D        | Found a transporter.
  1059 | D        | Killed Sonja
  1060 | D        | Killed Kirke
  1061 | D        | Killed Prince Ribbit
  1064 | D        | Killed Sigmund
  1095 | D        | Entered arena 20.
  1095 | D        | Identified the +9 war axe "Avvoih" {vamp, rF+}
  1095 | D        | Noticed Dowan
  1097 | D        | Killed Dowan
  1097 | D        | Noticed Agnes
  1097 | D        | Noticed Psyche
  1098 | D        | Noticed Erolcha
  1098 | D        | Noticed Saint Roka
  1098 | D        | Noticed Aizul
  1098 | D        | Noticed Blork the orc
  1098 | D        | Noticed Azrael
  1098 | D        | Noticed Grum
  1098 | D        | Noticed Donald
  1099 | D        | Noticed Pargi
  1099 | D        | Noticed Gastronok
  1099 | D        | Noticed Rupert
  1099 | D        | Noticed Nergalle
  1099 | D        | Noticed Joseph
  1099 | D        | Noticed Pikel
  1099 | D        | Noticed Snorg
  1101 | D        | Killed Psyche
  1101 | D        | Killed Pargi
  1101 | D        | Killed Grum
  1101 | D        | Noticed Eustachio
  1102 | D        | Reached skill level 15 in Armour
  1102 | D        | Killed Agnes
  1102 | D        | Killed Blork the orc
  1102 | D        | Killed Nergalle
  1102 | D        | Killed Pikel
  1102 | D        | Killed Joseph
  1103 | D        | Reached skill level 15 in Shields
  1103 | D        | Noticed Maurice
  1104 | D        | Killed Azrael
  1104 | D        | Killed Donald
  1105 | D        | Killed Erolcha
  1105 | D        | Killed Eustachio
  1105 | D        | Killed Aizul
  1107 | D        | Killed Rupert
  1108 | D        | Killed Saint Roka
  1109 | D        | Killed Maurice
  1109 | D        | Killed Snorg
  1110 | D        | Reached skill level 21 in Invocations
  1111 | D        | Killed Gastronok
  1113 | D        | Noticed Terence
  1118 | D        | Killed Terence
  1120 | D        | Found a transporter.
  1135 | D        | Got the Annotations on Energetic Variation
  1175 | D        | Entered arena 21.
  1179 | D        | Noticed a ghost moth
  1179 | D        | Noticed a ghost moth
  1180 | D        | Noticed a broodmother
  1184 | D        | Reached XP level 15. HP: 93/136 MP: 0/32
  1258 | D        | Found a transporter.
  1263 | D        | Got the ring of Siuk {rCorr Int+8}
  1285 | D        | Entered arena 22.
  1290 | D        | Identified the +7 hand axe "Pihohyg" {heavy, rC++ Dex+7}
  1293 | D        | Reached skill level 22 in Invocations
  1385 | D        | Found a transporter.
  1403 | D        | Got Wofiatro's Parchment of Distance and the Mausoleum
  1435 | D        | Entered arena 23.
  1441 | D        | Noticed Wigeq the pandemonium lord
  1441 | D        | Noticed Ytzerits the pandemonium lord
  1441 | D        | Noticed Neshoum the pandemonium lord
  1441 | D        | Noticed Ethrif the pandemonium lord
  1441 | D        | Noticed Zaewiff the pandemonium lord
  1441 | D        | Noticed Suguhax the pandemonium lord
  1441 | D        | Noticed Rysyipnoke the pandemonium lord
  1441 | D        | Found the ring of Shadows {Umbra +Inv Stlth+}
  1441 | D        | Noticed Yhecolep the pandemonium lord
  1441 | D        | Noticed Hinaw the pandemonium lord
  1441 | D        | Noticed Nuimolaq the pandemonium lord
  1441 | D        | Noticed Esydaig the pandemonium lord
  1441 | D        | Noticed Viraipp the pandemonium lord
  1442 | D        | Noticed Rodeusehu the pandemonium lord
  1442 | D        | Noticed Orhydgh the pandemonium lord
  1442 | D        | Noticed Xaowkac the pandemonium lord
  1442 | D        | Identified the +0 scale mail of Twilight {Rampage}
  1442 | D        | Noticed a demonspawn warmonger
  1442 | D        | Noticed a Hell Sentinel
  1443 | D        | Noticed an Executioner
  1443 | D        | Noticed Nufoc the pandemonium lord
  1444 | D        | Killed Ethrif the pandemonium lord
  1444 | D        | Killed an Executioner
  1444 | D        | Noticed Mefrych the pandemonium lord
  1444 | D        | Noticed Howedgh the pandemonium lord
  1445 | D        | Reached skill level 23 in Invocations
  1445 | D        | Killed Ytzerits the pandemonium lord
  1445 | D        | Killed Xaowkac the pandemonium lord
  1445 | D        | Killed Zaewiff the pandemonium lord
  1445 | D        | Killed a demonspawn warmonger
  1445 | D        | Noticed Poohoh the pandemonium lord
  1446 | D        | Killed Rodeusehu the pandemonium lord
  1446 | D        | Killed Yhecolep the pandemonium lord
  1446 | D        | HP: 1/139 [Wigeq the pandemonium lord (15)]
  1446 | D        | Slain by Nuimolaq the pandemonium lord

Illustrated notes

Levels and vault maps discovered:
D:        sprint_v [room_start, room_1, room_2, room_3, room_4, room_5, room_6,
          room_7, room_8, room_9, room_10, room_11, room_12, room_13, room_14,
          room_15, room_16, room_17, room_18, room_19, room_20, room_21,
          room_22, room_23, room_24, room_25, room_26, room_27]

Skill      XL: |  1  2  3  4  5  6  7  8  9 10 11 12 13 14 15 |
---------------+----------------------------------------------+-----
Fighting       | 4 5 7 8 9 11 12 14 15 17 19 | 19.5
Axes           | 3 4 6 7 8 10 11 13 14 16 17 | 17.9
Armour         | 3 4 5 6 7 8 9 11 12 14 15 17 | 17.4
Dodging        | 2 3 4 5 6 8 9 10 12 13 17 19 | 19.2
Shields        | 3 4 5 6 7 8 9 11 12 14 15 17 | 17.4
Invocations    | 3 5 7 9 10 11 13 15 17 19 21 23 | 23.5
Evocations     | 2 3 4 5 7 9 10 11 13 15 16 18 | 18.7

Action                     |  1- 3 |  4- 6 |  7- 9 | 10-12 | 13-15 || total
---------------------------+-------+-------+-------+-------+-------++-------
  Melee: Broad axe         |     4 |     3 |    27 |    25 |    40 ||    99
         Kick              |       |       |       |     8 |    13 ||    21
 Invoke: Slouch            |       |       |       |    11 |    25 ||    36
  Evoke: Condenser vane    |       |       |       |     3 |     7 ||    10
         Wand              |       |       |       |       |     8 ||     8
    Use: Potion            |     1 |       |       |     2 |     2 ||     5
   Stab: Distracted        |       |       |     2 |       |       ||     2
 Armour: Plate armour      |     1 |     2 |    16 |    34 |    75 ||   128
  Dodge: Dodged            |     1 |       |     4 |    17 |    66 ||    88
  Block: Kite shield       |     6 |     4 |    52 |    68 |   165 ||   295

Table legend: (Time is in decaauts)
 A = Elapsed time spent in this place.
 B = Non-inter-level travel time spent in this place.
 C = Inter-level travel time spent in this place.
 D = Time resting spent in this place.
 E = Time spent auto-exploring this place.
 F = Levels seen in this place.
 G = Mean time per level.
                   A        B        C        D        E       F      G
               +--------+--------+--------+--------+--------+-----+--------+
         Total |   1911 |   1911 |      0 |    584 |      5 |   1 | 1911.0 |
       Dungeon |   1911 |   1911 |      0 |    584 |      5 |   1 | 1911.0 |
               +--------+--------+--------+--------+--------+-----+--------+

Top non-repeatable levels by time:
       D: 1911 daAuts
